 Dungeon Crawl Stone Soup version 0.22-a0-136-g83a10e5 (webtiles) character file.

4173 COBRA the Cleaver (level 10, -3/92 HPs)
             Began as a Hill Orc Fighter on Feb 4, 2018.
             Slain by a guardian serpent (14 damage)
             ... on level 9 of the Dungeon.
             The game lasted 00:19:14 (4263 turns).

COBRA the Cleaver (Hill Orc Fighter)                Turns: 4263, Time: 00:19:14

Health: -3/92      AC: 12    Str: 23    XL:     10   Next: 28%
Magic:  10/10      EV:  5    Int:  8    God:
Gold:   399        SH: 10    Dex: 14    Spells: 9/9 levels left

rFire    . . .     SeeInvis .   i - +2 hand axe (elec)
rCold    . . .     Gourm    .   c - +0 shield
rNeg     . . .     Faith    .   h - +0 chain mail
rPois    .         Spirit   .   (no helmet)
rElec    .         Reflect  .   t - +1 cloak
rCorr    .         Harm     .   (no gloves)
MR       .....                  (no boots)
Stlth    ..........             (no amulet)
HPRegen  0.25/turn              e - +4 ring of dexterity
MPRegen  0.12/turn              (no ring)

@: slowed, very slow
A: blurry vision 1, wild magic 2
a: no special abilities


You were on level 9 of the Dungeon.
You were very hungry.

You visited 2 branches of the dungeon, and saw 10 of its levels.
You also visited: Sewer.

You collected 399 gold pieces.

Inventory:

Hand Weapons
 a - a +0 war axe
 b - the +6 spear of Gluttony {flame, rPois rF+++ MR+ Dex-4}
   (You took it off a centaur on level 6 of the Dungeon)

   It has been specially enchanted to burn those struck by it, causing extra
   injury to most foes and up to half again as much damage against particularly
   susceptible opponents.
   It affects your dexterity (-4).
   It renders you almost immune to fire.
   It protects you from poison.
   It affects your resistance to hostile enchantments.
 i - a +2 hand axe of electrocution (weapon)
Armour
 c - a +0 shield (worn)
 h - a +0 chain mail (worn)
 t - a +1 cloak (worn)
Jewellery
 e - a +4 ring of dexterity (left hand)
Wands
 n - a wand of flame (12)
 q - a wand of paralysis (11)
 s - a wand of disintegration (11)
Scrolls
 d - 5 scrolls of remove curse
 g - a scroll of identify
 p - a scroll of amnesia
 r - 2 scrolls of fog
Potions
 k - 3 potions of curing
Miscellaneous
 l - a sack of spiders
Comestibles
 f - 9 rations


   Skills:
 - Level 9.7 Fighting
 - Level 10.0(12.1) Axes
 - Level 9.6(10.9) Polearms
 * Level 6.2 Armour
 - Level 3.2 Shields


You had 9 spell levels left.
You didn't know any spells.

Dungeon Overview and Level Annotations

Branches:
Dungeon (9/15)             Temple (1/1) D:6            Lair (0/6) D:9
    Orc: D:9-12

Altars:
Ashenzari
Cheibriados
Dithmenos
Elyvilon
Fedhas
Hepliaklqana
Kikubaaqudgha
Nemelex Xobeh
Okawaru
Qazlal
Ru
Sif Muna
Trog
Vehumet
Wu Jian
Xom
Yredelemnul
Zin
The Shining One

Shops:
D:5 (

Annotations:
D:7 Prince Ribbit
D:9 Gastronok


Innate Abilities, Weirdness & Mutations

Scrolls take you a little longer to read.
Your spells are harder to cast, but more powerful.


Message History

You hit the guardian serpent but do no damage.
The guardian serpent is heavily wounded.
You hit the plant.
You feel sick. The guardian serpent hits you.
* * * LOW HITPOINT WARNING * * *
You feel better. The guardian serpent hits you!
* * * LOW HITPOINT WARNING * * *
You feel much better. The guardian serpent hits you!!
The guardian serpent coils itself and waves its upper body at you.
You feel yourself slow down.
Okay, then.
You hit the guardian serpent.
The guardian serpent is heavily wounded.
You hit the plant but do no damage. The guardian serpent barely misses you.
You hit the guardian serpent.
Lightning courses through the guardian serpent!
The guardian serpent is severely wounded.
You hit the plant but do no damage. The guardian serpent hits you!!
* * * LOW HITPOINT WARNING * * *
The guardian serpent hits you!
You die...

#)###### ###.### #.#
###.....###
#.#######.........##
##...[..#...P.......## #
...####..........P...#.#
##.# #.......>........#
#.# ##.............# #.#
##.......P...# ##.##
##......@..## ....#
###...S.### ##..#
###.### #..## #.# #...#
#.. ##...# ### ##...##
......# #.....#


You could see a guardian serpent.

Vanquished Creatures
  Erolcha (D:9)
  The ghost of dang3rdave the Covered, a novice GrAK of Lugonu (D:8)
  A hippogriff (D:9)
  Eustachio (D:4)
  A wyvern (D:9)
  A hungry ghost (D:9)
  3 wargs (D:9)
  A sky beast (D:6)
  A phantom (D:5)
  2 orc warriors
  A centaur (D:6)
  2 ogres
  2 bullfrogs (Sewer)
  A wyvern skeleton (D:6)
  A scorpion (D:9)
  A howler monkey (D:5)
  2 crimson imps
  A bullfrog zombie (D:6)
  3 hounds
  3 jellies
  3 orc priests
  A centaur skeleton (D:6)
  A bullfrog skeleton (D:8)
  5 worker ants
  An iguana (D:6)
  7 orc wizards
  10 gnolls
  8 adders
  3 shadow imps
  2 adder skeletons
  A worm (D:4)
  11 leopard geckos
  18 orcs
  A bat (D:1)
  6 giant cockroaches
  4 goblins (D:1)
  3 hobgoblins
  5 jackals
  4 quokkas
  3 ball pythons
  6 frilled lizards
  3 kobolds
  A quokka skeleton (D:5)
  4 rats
141 creatures vanquished.

Notes
Turn   | Place    | Note
-------+----------+-------------------------------------------
     0 | D:1      | COBRA the Hill Orc Fighter began the quest for the Orb.
     0 | D:1      | Reached XP level 1. HP: 19/19 MP: 1/1
    38 | D:1      | Reached skill level 3 in Axes
    68 | D:1      | Reached XP level 2. HP: 25/26 MP: 2/2
   203 | D:2      | Reached skill level 4 in Axes
   298 | D:1      | Reached XP level 3. HP: 16/31 MP: 3/3
   397 | D:2      | Reached skill level 5 in Axes
   582 | D:4      | Found an ornate altar of the Wu Jian Council.
   621 | D:4      | Reached XP level 4. HP: 25/39 MP: 4/4
   638 | D:4      | Reached skill level 6 in Axes
   651 | D:4      | HP: 1/39 [gnoll/halberd (8)]
   660 | D:4      | Reached XP level 5. HP: 17/45 MP: 5/5
   781 | D:4      | Noticed Eustachio
   837 | D:5      | Entered Level 5 of the Dungeon
   980 | D:4      | Killed Eustachio
   980 | D:4      | Reached skill level 8 in Axes
   980 | D:4      | Reached XP level 6. HP: 38/51 MP: 6/6
  1014 | D:4      | Found a glowing drain.
  1076 | D:4      | Found a sacrificial altar of Ru.
  1143 | Sewer    | Entered a sewer
  1300 | Sewer    | Reached skill level 9 in Axes
  1325 | Sewer    | Reached XP level 7. HP: 38/57 MP: 7/7
  1558 | D:5      | Reached skill level 10 in Axes
  1636 | D:5      | Reached skill level 5 in Fighting
  1639 | D:5      | Found a sparkling altar of Nemelex Xobeh.
  1641 | D:5      | Found an iron altar of Okawaru.
  1769 | D:5      | Found Nanoch's Weapon Shoppe.
  1875 | D:5      | Reached XP level 8. HP: 18/71 MP: 8/8
  2291 | D:7      | Noticed Prince Ribbit
  2609 | D:6      | Found a glowing golden altar of the Shining One.
  2639 | D:6      | Identified the +7 quarterstaff of Gallantry {venom, rN+ MP+9} (You found it on level 6 of the Dungeon)
  2653 | D:6      | Found a shadowy altar of Dithmenos.
  2680 | D:6      | Found a staircase to the Ecumenical Temple.
  2689 | Temple   | Entered the Ecumenical Temple
  2805 | D:6      | Got an uncursed dazzling spear {flame}
  2806 | D:6      | Identified the +6 spear of Gluttony {flame, rPois rF+++ MR+ Dex-4} (You took it off a centaur on level 6 of the Dungeon)
  2879 | D:6      | Found a stormy altar of Qazlal.
  2886 | D:6      | Reached skill level 1 in Polearms
  2961 | D:6      | Found a hazy altar of Hepliaklqana.
  3138 | D:7      | Reached XP level 9. HP: 85/85 MP: 9/9
  3153 | D:7      | Got a fine rapier
  3154 | D:7      | Identified the +7 rapier "Hell-Harrower" {distort, MP+9} (You found it on level 7 of the Dungeon)
  3175 | D:8      | Noticed dang3rdave's ghost (novice GrAK)
  3192 | D:8      | Found a shattered altar of Ashenzari.
  3216 | D:8      | Killed dang3rdave's ghost
  3594 | D:9      | Noticed Gastronok
  3598 | D:9      | Noticed Erolcha
  3750 | D:9      | Gained mutation: Your spells are a little harder to cast, but a little more powerful. [potion of mutation]
  3750 | D:9      | Gained mutation: Scrolls take you a little longer to read. [potion of mutation]
  3750 | D:9      | Gained mutation: Your spells are harder to cast, but more powerful. [potion of mutation]
  4112 | D:9      | Found a bloodstained altar of Trog.
  4121 | D:9      | Reached XP level 10. HP: 79/92 MP: 10/10
  4166 | D:9      | Killed Erolcha
  4235 | D:9      | Found a staircase to the Lair.
  4251 | D:9      | Noticed a guardian serpent
  4263 | D:9      | Slain by a guardian serpent

Vault maps used:
D:1:      eino_arrival_water_star
D:2:      minmay_diamond_boxcup
D:3:      gammafunk_temple_overflow_wave, first_ration,
          makhleb_altar_promises_db
D:4:      lemuel_crystal_altar, nicolae_ru_path_of_blood, portal_sewer_entry_f,
          uniq_eustachio
D:5:      chequers_temple_overflow_statue_of_worship, serial_shops, shop
D:6:      lemuel_round_altar, lemuel_round_altar, kennysheep_mini,
          overflow_temple_1_default, minmay_temple_entry_poolview
D:7:      uniq_prince_ribbit1
D:8:      cheibrodos_ashenzari_chains
D:9:      nrook_guardian_serpent_snake_passage, nicolae_overflow_hidden_temple,
          marbit_many_paths, erik_lair_orcish_takeover, uniq_maurice,
          uniq_erolcha, uniq_gastronok
Temple:   jpeg_temple_island
Sewer:    sewer_frog_island_01

Skill      XL: |  1  2  3  4  5  6  7  8  9 10 |
---------------+-------------------------------+-----
Axes           | 3 4 5 6 8 9 10 | 10.0
Fighting       | 6 9 |  9.7
Polearms       | 3 9 |  9.6
Armour         | 6 |  6.2
Shields        | |  3.2

Action                   |  1- 3 |  4- 6 |  7- 9 | 10-12 || total
-------------------------+-------+-------+-------+-------++-------
Melee: War axe           |    94 |    85 |   187 |       ||   366
       Spear             |       |       |   151 |    21 ||   172
       Hand axe          |       |       |       |     8 ||     8
Evoke: Wand              |       |       |     7 |       ||     7
  Use: Scroll            |     4 |       |     7 |     1 ||    12
       Potion            |     1 |     3 |     5 |     4 ||    13
  Eat: Chunk             |       |     2 |     6 |       ||     8
       Ration            |       |       |     1 |       ||     1
Armor: Scale mail        |    10 |       |       |       ||    10
       Chain mail        |    47 |    47 |   114 |     3 ||   211
Dodge: Dodged            |    21 |    14 |    36 |     2 ||    73
Block: Shield            |    42 |    47 |   141 |     5 ||   235

Table legend:
 A = Spawn XP
 B = Non-spawn XP
 C = Spawn XP percentage of total XP
 D = Spawn monster count
 E = Non-spawn monster count
 F = Spawn count percentage of total count
 G = Total turns spent on level
                    A         B        C        D         E        F      G
               +---------+---------+-------+---------+---------+-------+---------
         Total |       0 |    5962 |   0.0 |       0 |     141 |   0.0 |  4263
               +---------+---------+-------+---------+---------+-------+---------
           D:1 |       0 |      20 |   0.0 |       0 |      12 |   0.0 |   246
           D:2 |       0 |      48 |   0.0 |       0 |       8 |   0.0 |   230
           D:3 |       0 |      45 |   0.0 |       0 |       7 |   0.0 |   116
           D:4 |       0 |     331 |   0.0 |       0 |      18 |   0.0 |   717
           D:5 |       0 |     658 |   0.0 |       0 |      21 |   0.0 |   702
           D:6 |       0 |     771 |   0.0 |       0 |      16 |   0.0 |   611
           D:7 |       0 |     266 |   0.0 |       0 |      10 |   0.0 |   275
           D:8 |       0 |    1110 |   0.0 |       0 |      13 |   0.0 |   709
           D:9 |       0 |    2487 |   0.0 |       0 |      18 |   0.0 |   356
         Sewer |       0 |     226 |   0.0 |       0 |      18 |   0.0 |   224
               +---------+---------+-------+---------+---------+-------+---------
